 Dungeon Crawl Stone Soup version 0.24.0-10-g970556be89 (webtiles) character file.

Game seed: 11040944019643255291, levelgen mode: deterministic

4327 Descartes the Gouger (level 10, 0/48 HPs)
             Began as a Felid Monk on Nov 3, 2019.
             Slain by a five-headed hydra (16 damage)
             ... on level 1 of the Lair of Beasts.
             The game lasted 00:30:10 (15919 turns).

Descartes the Gouger (Felid Monk)                  Turns: 15919, Time: 00:30:12

Health: 0/48       AC:  2    Str:  8    XL:     10   Next: 12%
Magic:  12/12      EV: 30    Int: 16    God:
Gold:   584        SH:  0    Dex: 24    Spells: 5/9 levels left
                                        Lives:  0   Deaths: 3

rFire    . . .     SeeInvis +     - Unarmed
rCold    + . .     Gourm    .   (shield unavailable)
rNeg     . . .     Faith    .   (armour unavailable)
rPois    +         Spirit   .   (helmet unavailable)
rElec    .         Reflect  .   (cloak unavailable)
rCorr    .         Harm     .   (gloves unavailable)
MR       +....                  (boots unavailable)
Stlth    ++++++....             D - amulet of regeneration
HPRegen  0.56/turn              j - +3 ring of intelligence
MPRegen  0.13/turn              C - ring of poison resistance

@: quick
A: very small, no armour, no weapons or thrown items, stealth, claws 1, fangs 3,
see invisible, agile 2, carnivore, cold resistance 1, speed 1, shaggy fur 2,
slow metabolism 1, sharp paws
a: no special abilities


You were on level 1 of the Lair of Beasts.
You were completely stuffed.

You visited 3 branches of the dungeon, and saw 11 of its levels.

You collected 584 gold pieces.

Inventory:

Missiles
 k - 350 stones
 n - 102 arrows
Jewellery
 j - a +3 ring of intelligence (left paw)
 u - an uncursed ring of protection from fire
 C - a ring of poison resistance (right paw)
 D - an amulet of regeneration (around neck)
Wands
 f - a wand of digging (6)
 v - a wand of flame (15)
 F - a wand of clouds (6)
Scrolls
 d - 2 scrolls of magic mapping
 h - 2 scrolls of immolation {unknown}
 i - 3 scrolls of fear {unknown}
 m - 5 scrolls of remove curse
 o - 2 scrolls of teleportation {unknown}
 r - a scroll of enchant weapon {unknown}
 y - 2 scrolls of enchant armour {unknown}
 B - a scroll of random uselessness {unknown}
 H - a scroll of amnesia {unknown}
 I - a scroll of identify
Potions
 b - 2 potions of berserk rage
 c - 2 potions of mutation
 e - 4 potions of curing
 g - 3 potions of might
 l - a potion of heal wounds {unknown}
 p - 2 potions of flight {unknown}
 q - 2 potions of cancellation {unknown}
 s - a potion of ambrosia {unknown}
 t - 4 potions of agility
 x - 2 potions of brilliance
 z - 2 potions of invisibility
 A - a potion of lignification {unknown}
 E - a potion of magic {unknown}
 G - a potion of haste {unknown}
Comestibles
 a - 25 rations
 w - a chunk of flesh


   Skills:
 + Level 8.2 Fighting
 * Level 11.0 Dodging
 + Level 10.7 Stealth
 * Level 11.0 Unarmed Combat
 + Level 2.4 Evocations


You had 5 spell levels left.
You knew the following spells:

 Your Spells              Type           Power        Failure   Level  Hunger
a - Cause Fear            Hex            #.........   94%         4    #####..

Your spell library contained the following spells:

 Spells                   Type           Power        Failure   Level  Hunger
 Corona                   Hex            #......      26%         1    ##.....
 Freeze                   Ice            #...         26%         1    ##.....
 Shock                    Conj/Air       #...         26%         1    ##.....
 Poisonous Vapours        Pois/Air       #.....       36%         2    ###....
 Slow                     Hex            #.......     36%         2    ###....
 Swiftness                Chrm/Air       #.......     36%         2    ###....
 Throw Frost              Conj/Ice       #.....       36%         2    ###....
 Conjure Flame            Conj/Fire      #.......     58%         3    ####...
 Ignite Poison            Fire/Tmut/Pois #.......     58%         3    ####...
 Inner Flame              Hex/Fire       #.......     58%         3    ####...
 Mephitic Cloud           Conj/Pois/Air  #.......     58%         3    ####...
 Ozocubu's Armour         Chrm/Ice       #.......     58%         3    ####...
 Static Discharge         Conj/Air       #.......     58%         3    ####...
 Airstrike                Air            #.........   94%         4    #####..
 Leda's Liquefaction      Hex/Erth       #.........   94%         4    #####..
 Summon Ice Beast         Ice/Summ       #.......     94%         4    #####..
 Throw Icicle             Conj/Ice       #.......     94%         4    #####..
 Fireball                 Conj/Fire      #.........   100%        5    ######.
 Irradiate                Conj/Tmut      #.........   100%        5    ######.
 Lightning Bolt           Conj/Air       #.........   100%        5    ######.
 Bolt of Fire             Conj/Fire      #.........   100%        6    #######
 Freezing Cloud           Conj/Ice/Air   #.........   100%        6    #######
 Hydra Form               Tmut           #.........   100%        6    #######
 Statue Form              Tmut/Erth      #........    100%        6    #######
 Dragon Form              Tmut           #.........   100%        7    #######
 Ring of Flames           Chrm/Fire      #.........   100%        7    #######
 Ignition                 Fire           #.........   100%        8    #######
 Portal Projectile        Hex/Tloc       Unusable     N/A         3    N/A

Dungeon Overview and Level Annotations

Branches:
Dungeon (9/15)             Temple (1/1) D:5            Lair (1/6) D:9
    Orc (0/2) D:9

Altars:
Ashenzari
Cheibriados
Dithmenos
Elyvilon
Fedhas
Gozag
Hepliaklqana
Kikubaaqudgha
Makhleb
Nemelex Xobeh
Okawaru
Qazlal
Ru
Sif Muna
Trog
Uskayaw
Vehumet
Wu Jian
Xom
Yredelemnul
Zin
The Shining One
Beogh

Annotations:
Lair:1 exclusion: spiny frog


Innate Abilities, Weirdness & Mutations

You cannot wear armour.
You are incapable of wielding weapons or throwing items.
Your paws allow you to move quietly. (Stealth)
You have sharp claws.
You have razor-sharp teeth.
You have supernaturally acute eyesight. (SInv)
You are carnivorous and can eat meat at any time.
You cover ground quickly.
You are covered in thick fur. (AC +2)
You have a slow metabolism.
Your sharp claws are effective at attacking unaware monsters.
You are very agile. (Dex +4)
Your flesh is cold resistant. (rC+)


Message History

You scratch the five-headed hydra.
The five-headed hydra is lightly wounded.
The five-headed hydra misses you.
The five-headed hydra bites you but does no damage.
The five-headed hydra completely misses you. x3
You scratch the five-headed hydra. You bite the five-headed hydra.
The five-headed hydra is lightly wounded.
The five-headed hydra completely misses you. x2
The five-headed hydra misses you.
The five-headed hydra barely misses you.
The five-headed hydra completely misses you.
You claw the five-headed hydra! You claw the five-headed hydra.
The five-headed hydra is lightly wounded.
You claw the five-headed hydra!
You bite the five-headed hydra, but do no damage.
The five-headed hydra is moderately wounded.
The five-headed hydra bites you!
The five-headed hydra closely misses you.
The five-headed hydra bites you! x3
You die...

#...... # #..... .
.....# #....#
#....# #.[..#
#.D..# #.@..##
#.....# #....## #
#....#############P
#..................
#[................+
#................#.
#................#.
#................##


You could see a five-headed hydra.

Vanquished Creatures
  A two-headed ogre (D:9)
  A deep elf mage (D:9)
  A spiny frog (Lair:1)
  Prince Ribbit (D:6)
  6 hippogriffs
  6 yaks
  A hungry ghost (D:8)
  Eustachio (D:6)
  2 basilisks (Lair:1)
  A water moccasin (Lair:1)
  6 orc warriors
  2 sky beasts
  4 ogres
  4 necrophages (D:6)
  A phantom (D:9)
  A centaur (D:5)
  3 crocodiles
  2 big kobolds
  3 bullfrogs
  A vampire bat (D:5)
  4 killer bees
  A howler monkey (D:4)
  2 crimson imps
  A bullfrog zombie (D:6)
  A centaur zombie (D:8)
  2 jellies
  2 orc priests (D:9)
  A bullfrog skeleton (D:5)
  4 hounds
  A gnoll shaman (D:4)
  14 orc wizards
  A centaur skeleton (D:8)
  Natasha (thrice) (D:2)
  9 worker ants
  3 hound zombies
  A hound skeleton (D:4)
  A worker ant zombie (D:6)
  10 adders
  8 gnolls
  A shadow imp (D:5)
  An adder zombie (D:9)
  3 adder skeletons (D:4)
  4 worms
  2 dart slugs
  6 leopard geckos
  48 orcs
  A ball python (D:6)
  14 bats
  6 giant cockroaches
  8 goblins
  6 hobgoblins
  3 jackals (D:8)
  2 quokkas
  3 frilled lizards
  A giant cockroach zombie (D:5)
  A jackal skeleton (D:7)
  17 kobolds
  A leopard gecko zombie (D:5)
  9 rats
  A bush (D:6)
255 creatures vanquished.

Vanquished Creatures (others)
  4 plants (D:6)
4 creatures vanquished.

Grand Total: 259 creatures vanquished

Notes
Turn   | Place    | Note
-------+----------+-------------------------------------------
     0 | D:1      | Descartes the Felid Monk began the quest for the Orb.
     0 | D:1      | Reached XP level 1. HP: 10/10 MP: 2/2
   379 | D:1      | Reached XP level 2. HP: 14/14 MP: 3/3
   683 | D:1      | Found a glowing golden altar of the Shining One.
  1127 | D:1      | Reached XP level 3. HP: 16/17 MP: 4/4
  1541 | D:2      | Noticed Natasha
  1796 | D:2      | Killed Natasha
  1796 | D:2      | Reached XP level 4. HP: 6/21 MP: 5/5
  2054 | D:2      | Found a hazy altar of Hepliaklqana.
  2265 | D:2      | Noticed Natasha
  2282 | D:2      | Killed Natasha
  2750 | D:2      | Gained mutation: You are partially covered in icy blue
                  | scales. (AC +2) [potion of mutation]
  2750 | D:2      | Gained mutation: You tend to lose your temper in combat.
                  | [potion of mutation]
  2750 | D:2      | Gained mutation: You are agile. (Dex +2) [potion of
                  | mutation]
  3029 | D:2      | Reached XP level 5. HP: 24/24 MP: 6/6
  3312 | D:2      | Killed from afar by an orc wizard
  3313 | D:2      | Reached XP level 4. HP: -2/22 MP: 5/5
  3581 | D:2      | Noticed Natasha
  3598 | D:2      | Killed Natasha
  3598 | D:2      | Reached skill level 5 in Dodging
  3598 | D:2      | Reached skill level 5 in Stealth
  3985 | D:2      | Found a hazy altar of Hepliaklqana.
  4102 | D:2      | Reached XP level 5. HP: 23/25 MP: 6/6
  4570 | D:3      | Found a stormy altar of Qazlal.
  4611 | D:3      | Found a faded altar of an unknown god.
  5236 | D:3      | Found a shadowy altar of Dithmenos.
  5272 | D:4      | Found a bloodstained altar of Trog.
  5378 | D:4      | Lost mutation: You tend to lose your temper in combat.
                  | [potion of mutation]
  5378 | D:4      | Lost mutation: You are partially covered in icy blue
                  | scales. (AC +2) [potion of mutation]
  5378 | D:4      | Gained mutation: Your flesh is cold resistant. (rC+)
                  | [potion of mutation]
  5378 | D:4      | Gained mutation: You are very agile. (Dex +4) [potion of
                  | mutation]
  5464 | D:4      | Noticed an ogre
  5611 | D:3      | Gained mutation: You are covered in thick fur. (AC +2)
                  | [Felid growth]
  5611 | D:3      | Reached XP level 6. HP: 7/28 MP: 7/7
  6156 | D:3      | Reached skill level 5 in Unarmed Combat
  6193 | D:3      | Found a glowing golden altar of the Shining One.
  7219 | D:4      | Reached XP level 7. HP: 32/33 MP: 8/8
  7911 | D:5      | Entered Level 5 of the Dungeon
  8342 | D:5      | Found a glowing silver altar of Zin.
  8494 | D:5      | Reached XP level 8. HP: 32/36 MP: 9/9
  8747 | D:5      | Reached skill level 5 in Fighting
  8891 | D:5      | Found a staircase to the Ecumenical Temple.
  8921 | Temple   | Entered the Ecumenical Temple
  9562 | D:6      | Noticed Prince Ribbit
  9581 | D:6      | Killed Prince Ribbit
  9752 | D:6      | Found a radiant altar of Vehumet.
  9986 | D:6      | Noticed a hippogriff
  9999 | D:6      | Killed a hippogriff
 10212 | D:6      | Found a blossoming altar of Fedhas.
 10251 | D:6      | Reached skill level 10 in Stealth
 10325 | D:6      | Noticed Eustachio
 10332 | D:6      | Killed Eustachio
 10332 | D:6      | Reached XP level 9. HP: 41/41 MP: 10/10
 10925 | D:7      | Found an iron altar of Okawaru.
 10938 | D:7      | Found an ornate altar of the Wu Jian Council.
 12136 | D:7      | Slain by an orc warrior
 12137 | D:7      | Reached XP level 8. HP: -2/39 MP: 9/9
 12951 | D:8      | Noticed a hippogriff
 12966 | D:8      | Killed a hippogriff
 12966 | D:8      | Reached XP level 9. HP: 33/42 MP: 10/10
 13444 | D:8      | Found an iron altar of Okawaru.
 13501 | D:8      | Found a white marble altar of Elyvilon.
 13565 | D:9      | Noticed a two-headed ogre
 13572 | D:9      | Killed a two-headed ogre
 13572 | D:9      | Reached skill level 10 in Unarmed Combat
 13873 | D:9      | Reached XP level 10. HP: 37/48 MP: 11/11
 14016 | D:9      | Found a staircase to the Lair.
 14050 | D:9      | Reached skill level 10 in Dodging
 14286 | D:9      | Found a staircase to the Orcish Mines.
 14320 | D:9      | Slain by an orc warrior
 14321 | D:9      | Reached XP level 9. HP: 0/44 MP: 10/10
 14391 | D:9      | Reached skill level 1 in Evocations
 14588 | D:9      | Found a roughly hewn altar of Beogh.
 14756 | D:9      | Noticed a deep elf mage
 14985 | D:9      | Killed a deep elf mage
 15027 | D:9      | Learned a level 4 spell: Cause Fear
 15476 | Lair:1   | Entered Level 1 of the Lair of Beasts
 15480 | Lair:1   | Noticed a spiny frog
 15725 | Lair:1   | Reached XP level 10. HP: 31/48 MP: 12/12
 15900 | Lair:1   | Noticed a spiny frog
 15907 | Lair:1   | Killed a spiny frog
 15911 | Lair:1   | Noticed a five-headed hydra
 15919 | Lair:1   | Slain by a five-headed hydra

Levels and vault maps discovered:
D:1:      dpeg_arrival_triangle_fractal, layout_basic, st_stairs_4,
          tso_metal_star
D:2:      layout_loops_corners, lemuel_doored_altar, uniq_natasha
D:3:      layout_loops_ring, lemuel_round_altar, grunt_dithmenos_smoke,
          grunt_qazlal_sundering, chequers_ecumenical_altar_simple_redux,
          first_ration, chequers_serial_rivers_room_b
D:4:      layout_basic, overflow_temple_1_default
D:5:      layout_rooms, nicolae_overflow_hidden_temple,
          minmay_temple_entry_drinking_statues, grunt_ministairs_8,
          roderic_batcave
D:6:      layout_basic, old_standard_altar, hangedman_decor_peaks_small,
          fedhas_altar_decomposition, uniq_eustachio, uniq_prince_ribbit1
D:7:      layout_gridville, old_standard_altar, basic_altar, grunt_ogre_cave
D:8:      layout_cave_pools, lemuel_crystal_altar, okawaru_metal_pillars_1_2
D:9:      layout_irregular_city, dpeg_oklobed_lair,
          minmay_orc_entry_temple_small
Temple:   dshaligram_water_room_temple
Lair:1:   layout_chaotic_city

Skill      XL: |  1  2  3  4  5  6  7  8  9 10 |
---------------+-------------------------------+-----
Stealth        | 3 4 5 6 8 10 | 10.7
Unarmed Combat | 4 5 6 9 10 11 | 11.0
Dodging        | 5 6 9 8 11 | 11.0
Fighting       | 4 5 8 |  8.2
Evocations     | 2 |  2.4

Action                   |  1- 3 |  4- 6 |  7- 9 | 10-12 || total
-------------------------+-------+-------+-------+-------++-------
Melee: Unarmed           |    67 |   270 |   637 |    58 ||  1032
       Bite              |     6 |    40 |    71 |     9 ||   126
       Punch             |       |     8 |    31 |     6 ||    45
  Use: Scroll            |     1 |     3 |     5 |     1 ||    10
       Potion            |       |     3 |     1 |       ||     4
 Stab: Sleeping          |    10 |    11 |    36 |     2 ||    59
       Distracted        |       |     4 |     5 |       ||     9
  Eat: Chunk             |     9 |    16 |    32 |     5 ||    62
Armor: Skin              |     3 |    10 |    14 |     2 ||    29
Dodge: Dodged            |    37 |   206 |   510 |    68 ||   821
